 Dungeon Crawl Stone Soup version 0.31.0-9-g3a7656b989 (console) character file.

Game seed: 7670076762377065746

7 AlterAsc the Shield-Bearer (level 2, 0/24 HPs)
             Began as a Formicid Fighter on Jan 31, 2024.
             Slain by a hobgoblin (3 damage)
             ... on level 1 of the Dungeon.
             The game lasted 00:00:09 (14 turns).

AlterAsc the Shield-Bearer (Formicid Fighter)         Turns: 14, Time: 00:00:09

Health: 0/24       AC:  6    Str: 20    XL:     2   Next: 5%
Magic:  2/2        EV:  9    Int:  7    God:
Gold:   0          SH:  5    Dex: 13    Spells: 1/1 levels left

rFire   . . .        a - +0 war axe
rCold   . . .        c - +0 buckler
rNeg    . . .        b - +0 scale mail
rPois   .            (helmet unavailable)
rElec   .            (no cloak)
rCorr   .            (no gloves)
SInv    +            (no boots)
Will    .....        (no amulet) Stlth
                     (no ring)
HPRegen 0.24/turn    (no ring)
MPRegen 0.08/turn

%: no passive effects
@: very slow
A: permanent stasis, dig shafts and tunnels, antennae 3, four strong arms
a: Dig, Shaft Self


You were on level 1 of the Dungeon.
You visited 1 branch of the dungeon, and saw 1 of its levels.

Inventory:

Hand Weapons
 a - a +0 war axe (weapon)
Armour
 b - a +0 scale mail (worn)
 c - a +0 buckler (worn)
Potions
 d - a potion of might


   Skills:
 - Level 3.2 Fighting
 + Level 2.6 Axes
 - Level 3.2 Armour
 - Level 4.0 Shields


You had one spell level left.
You didn't know any spells.
Your spell library was empty.

Dungeon Overview and Level Annotations

Branches:
Dungeon (1/15)

Altars:


Innate Abilities, Weirdness & Mutations

You cannot be hasted, slowed, berserked, paralysed or teleported.
You can dig through walls and to a lower floor.
You have a pair of large antennae on your head. (SInv)
Your four strong arms can wield two-handed weapons with a shield.


Message History

The jackal closely misses you.
You closely miss the jackal.
A ball python comes into view.
A rat comes into view.
The jackal bites you but does no damage.
The jackal completely misses you.
The rat squeaks loudly.
The ball python hisses angrily.
You hit the jackal.
You kill the jackal!
You barely miss the jackal. The jackal barely misses you. The jackal bites you.
The jackal closely misses you.
You barely miss the hobgoblin. You closely miss the jackal.
You slash the jackal!
You kill the jackal!
The hobgoblin hits you but does no damage.
The jackal bites you but does no damage.
The hobgoblin hits you.
The jackal bites you but does no damage.
You hit the hobgoblin.
The hobgoblin is almost dead.
You hit the jackal.
You kill the jackal!
You hit the goblin but do no damage. The hobgoblin hits you.
The goblin hits you with a +0 club.
Your unstable footing causes you to fumble your attack.
You block the hobgoblin's attack. The goblin hits you but does no damage.
The ball python barely misses you. You block the ball python's attack.
The hobgoblin closely misses you. The goblin closely misses you.
You closely miss the hobgoblin.
The hobgoblin is almost dead.
You slash the ball python!
You kill the ball python!
You hit the goblin.
The hobgoblin hits you but does no damage.
The goblin hits you but does no damage.
You closely miss the hobgoblin.
The hobgoblin is almost dead.
You hit the goblin.
You kill the goblin!
The hobgoblin hits you. The rat bites you. The hobgoblin hits you.
* * * LOW HITPOINT WARNING * * *
You have reached level 2!
The hobgoblin attacks as it pursues you!
The hobgoblin hits you.
You die...

## ! . # .# ... ..
####.#....
..~♣♣♣♣♣♣♣♣♣~.....#
(~~≈≈≈≈≈≈≈♣≈gr†..#
♣≈~~~~~~~~@♣♣)......
♣~~~~~~~~~♣♣...##..
♣~~~~<~~~~≈♣..".#
♣≈~~~~~~~~~♣♣......
♣♣~~~~~~~~~♣ .......
.~~≈♣♣≈♣≈≈♣♣~~.....(.
..~ ♣♣♣♣♣♣ ~...:...#
.. .... # ..


You could see a hobgoblin and a rat.

Vanquished Creatures
  A ball python (D:1)
  A goblin (D:1)
  3 jackals (D:1)
5 creatures vanquished.

Notes
Turn   | Place    | Note
-------+----------+-------------------------------------------
     0 | D:1      | AlterAsc the Formicid Fighter began the quest for the Orb.
     0 | D:1      | Reached XP level 1. HP: 18/18 MP: 1/1
    13 | D:1      | Reached XP level 2. HP: 3/24 MP: 2/2
    14 | D:1      | Slain by a hobgoblin

Illustrated notes

Levels and vault maps discovered:
D:1:      reono_arrival_forest_river, layout_rooms

Action                     || total
---------------------------++-------
  Melee: War axe           ||     7
 Armour: Scale mail        ||    15
  Dodge: Dodged            ||     7
  Block: Buckler           ||     2
